Map: Taito Citadel LE

Players

Vaaco - Winner!

  • Race: Terran Terran
  • League: Diamond
  • Spawn Location: 5:00

HoldTheDoor

  • Race: Protoss Protoss
  • League: Diamond
  • Spawn Location: 11:00

VOD

Have the link to the VOD?

Description

Time

  • Played on: May 6, 2026, 12:29 p.m.
  • Length: 4:47
Show
View Real Time Build Order
Export as new Build Order

Vaaco Terran - Winner!

Build Orders:  

Get SALT Encoding   

  12  0:00  SCV  
  13  0:12  SCV  
  14  0:20  Supply Depot  
  14  0:24  SCV  
  15  0:42  SCV  
  16  0:57  Barracks  
  16  0:58  Barracks  
  16  1:10  Barracks  
  16  1:28  Barracks  
  16  1:32  SCV  
  17  1:46  Supply Depot  
  17  1:59  Marine x3  
  20  2:11  Supply Depot  
  20  2:17  Marine x4  
  24  2:35  Marine x3  
  27  2:37  Bunker  
  27  2:43  Bunker  
  26  2:54  Marine x4  
  29  3:12  Marine x4  
  31  3:14  Supply Depot  
  33  3:30  Marine x4  
  37  3:47  Marine  
  37  3:48  Marine x3  
  40  4:05  Marine x2  
  40  4:06  Marine x2  
  30  4:23  Marine x3  
  31  4:26  Marine  
Show
View Real Time Build Order
Export as new Build Order

HoldTheDoor Protoss 

Build Orders:  

Get SALT Encoding   

  12  0:00  Probe  
  13  0:12  Probe  
  14  0:21  Pylon  
  14  0:24  Probe  
  15  0:35  Probe  
  15  0:41  Gateway  
  16  0:55  Forge  
  16  0:59  Probe  
  17  1:20  Zealot  
  17  1:25  Assimilator  
  19  1:36  Cybernetics Core  
  19  1:37  Photon Cannon  
  19  1:40  Probe  
  19  1:45  Pylon  
  20  1:53  Gateway  
  20  2:00  Probe  
  21  2:04  Adept  
  21  2:12  Shield Battery  
  23  2:19  Pylon  
  23  2:20  Probe  
  24  2:25  Assimilator  
  22  2:53  Adept  
  22  2:59  Adept  
  22  3:04  Shield Battery  
  26  3:05  Warp Gate  
  26  3:11  Gateway  
  26  3:23  Adept  
  28  3:29  Adept  
  28  3:33  Shield Battery  
  30  4:05  Adept  
  26  4:12  Adept  
  24  4:24  Photon Cannon  
  24  4:36  Pylon  
Tags
 
Add a new tag
Caveats
  • Supply blocks, unpowered buildings, or Contaminate may cause inaccurate times.
  • Supply counts are checked every 10 seconds.